 Dungeon Crawl Stone Soup version 0.31-a0-795-g5eb97db20b (webtiles) character file.

Game seed: 17947131855554408292

91 freelancePsychic the Ruffian (level 4, -7/32 HPs)
             Began as a Djinni Shapeshifter on Sept 18, 2023.
             Was a Follower of Qazlal.
             Mangled by Crazy Yiuf
             ... wielding a +2 quarterstaff of chaos
              (9 damage)
             ... on level 2 of the Dungeon.
             The game lasted 00:03:05 (1954 turns).

freelancePsychic the Ruffian (Djinni Shapeshifter)  Turns: 1954, Time: 00:03:06

Health: -7/32      AC:  2    Str: 13    XL:     4   Next: 88%
Gold:   43         EV: 12    Int: 14    God:    Qazlal [*.....] SH:  2 Dex: 12

rFire   + + .        e - +0 sling
rCold   x . .        (no shield)
rNeg    . . .        a - +0 animal skin
rPois   ∞            (helmet currently unavailable)
rElec   .            (cloak currently unavailable)
rCorr   .            (gloves currently unavailable)
SInv    .            (boots unavailable)
Will    .....        (no amulet)
Stlth   +            (no ring)
HPRegen 0.25/turn    (no ring)
MPRegen 0.00/turn

%: infuse magic (-8 HP)
@: beast-form, flying, hasted, very quick
A: beast (slay +1), flying, sickness immunity, fire resistance 2, cold
vulnerability 1, float, innate caster, HP casting, extra vitality 1
a: Begin Untransformation, Renounce Religion


You were on level 2 of the Dungeon.
You worshipped Qazlal.
Qazlal was aware of your devotion.
You were a hulking beast.
You visited 1 branch of the dungeon, and saw 2 of its levels.

You collected 43 gold pieces.

Inventory:

Hand Weapons
 e - a +0 sling (weapon)
 j - a +1 dagger of draining
Armour
 a - a +0 animal skin (worn)
 m - a +0 pair of gloves
Talismans
 c - a beast talisman (active)
 d - a flux talisman
Scrolls
 f - a scroll of enchant armour {unknown}
 g - a scroll of immolation
 h - a scroll of vulnerability
 k - a scroll of fog {unknown}
 l - a scroll of teleportation {@r4}
 n - 2 scrolls of identify {@r1}
 o - a scroll of silence {unknown}
Potions
 i - a potion of enlightenment {unknown}


   Skills:
 + Level 1.1 Fighting
 - Level 2.1 Dodging
 - Level 3.0 Unarmed Combat
 * Level 2.8 Spellcasting
 * Level 2.8 Conjurations
 * Level 2.8 Hexes
   Level 0.0 Charms
 * Level 2.8 Summonings
 * Level 2.8 Necromancy
 * Level 2.8 Translocations
 * Level 2.8 Transmutations
 * Level 2.8 Fire Magic
 * Level 2.8 Ice Magic
 * Level 2.8 Air Magic
 * Level 2.8 Earth Magic
 * Level 2.8 Poison Magic
 + Level 0.2 Invocations
 - Level 2.6 Shapeshifting


You knew the following spells:

 Your Spells              Type           Power      Damage    Failure   Level
a - Magic Dart            Conj           40%        1d5       7%          1
Your spell library was empty.

Dungeon Overview and Level Annotations

Branches:
Dungeon (2/15)

Altars:
Qazlal

Shops:
D:2 !

Annotations:
D:2 Crazy Yiuf


Innate Abilities, Weirdness & Mutations

You are a hulking beast.
Your limbs bulge with bestial killing power. (Slay +1)
You are flying.
You are immune to sickness and miasma.
You are immune to poison.
Your flesh is very heat resistant. (rF++)
You are vulnerable to cold. (rC-)
You float through the air rather than walking.
You learn spells naturally, not from books.
Your magical power is your life essence.
You have superior vitality. (+4 MHP)


Message History

You shoot a sling bullet. The sling bullet hits Crazy Yiuf.
Crazy Yiuf is heavily wounded.
Crazy Yiuf misses you.
You shoot a sling bullet.
The sling bullet barely misses Crazy Yiuf.
Crazy Yiuf hits you with a +2 quarterstaff of chaos!
Ouch! That really hurt!
Crazy Yiuf freezes you!
* * * LOW HITPOINT WARNING * * *
You are too injured to fight recklessly!
You are too injured to fight recklessly!
You are too injured to fight recklessly!
You are too injured to fight recklessly!
You are too injured to fight recklessly!
You are too injured to fight recklessly!
You are too injured to fight recklessly!
You are too injured to fight recklessly!
You are too injured to fight recklessly!
You are too injured to fight recklessly!
You are too injured to fight recklessly!
You are too injured to fight recklessly!
You are too injured to fight recklessly!
You are too injured to fight recklessly!
You are too injured to fight recklessly!
You are too injured to fight recklessly!
You are too injured to fight recklessly!
You are too injured to fight recklessly!
You are too injured to fight recklessly!
You are too injured to fight recklessly!
You are too injured to fight recklessly!
You are too injured to fight recklessly!
You are too injured to fight recklessly!
You shoot a sling bullet.
The sling bullet barely misses Crazy Yiuf.
Crazy Yiuf hits you with a +2 quarterstaff of chaos!
* * * LOW HITPOINT WARNING * * *
You shoot a sling bullet. The sling bullet hits Crazy Yiuf.
Crazy Yiuf is heavily wounded.
Crazy Yiuf hits you with a +2 quarterstaff of chaos!
You die...

#.#.# ###.<# #.#
#. #.#.# #....#
#.# #. #.#.#####
##.#..# #.# ##
#.#.....## #.....#
#.# #.#####..#
####### ### #.#
#### #.# ###♣♣♣♣♣
# #.# ##..P.♣.♣♣♣
### # #.#
###hg....♣.g♣#...#
# #.#
#.....P.♣♣♣♣.'...#
# #.####.#....♣♣
♣♣#..)# #
#........##♣♣ ###
# ##########


You could see Crazy Yiuf.

Vanquished Creatures
  A hound (D:2)
  2 adders (D:2)
  2 dart slugs
  An endoplasm (D:1)
  A giant cockroach (D:2)
  3 goblins
  6 hobgoblins
  3 jackals (D:1)
  2 quokkas (D:2)
  6 ball pythons (D:1)
  A bat (D:2)
  2 frilled lizards
  5 kobolds (D:1)
  5 rats
40 creatures vanquished.

Notes
Turn   | Place    | Note
-------+----------+-------------------------------------------
     0 | D:1      | freelancePsychic the Djinni Shapeshifter began the quest
                  | for the Orb.
     0 | D:1      | Reached XP level 1. HP: 17/17 MP: 0/0
    75 | D:1      | Reached skill level 1 in Spellcasting
    75 | D:1      | Reached skill level 1 in Conjurations
    75 | D:1      | Reached skill level 1 in Hexes
    75 | D:1      | Reached skill level 1 in Summonings
    75 | D:1      | Reached skill level 1 in Necromancy
    75 | D:1      | Reached skill level 1 in Translocations
    75 | D:1      | Reached skill level 1 in Transmutations
    75 | D:1      | Reached skill level 1 in Fire Magic
    75 | D:1      | Reached skill level 1 in Ice Magic
    75 | D:1      | Reached skill level 1 in Air Magic
    75 | D:1      | Reached skill level 1 in Earth Magic
    75 | D:1      | Reached skill level 1 in Poison Magic
    75 | D:1      | Reached XP level 2. HP: 20/22 MP: 0/0
   296 | D:1      | Reached XP level 3. HP: 20/27 MP: 0/0
   296 | D:1      | Learned a level 1 spell: Magic Dart
   360 | D:1      | You are sucked into a shaft and drop 1 floor!
   951 | D:2      | Reached XP level 4. HP: 19/32 MP: 0/0
  1095 | D:2      | Found a faded altar of an unknown god.
  1264 | D:2      | Prayed at the altar of an unknown god.
  1264 | D:2      | Became a worshipper of Qazlal Stormbringer
  1264 | D:2      | Reached * piety under Qazlal
  1300 | D:2      | Found Qayrph's Distillery.
  1649 | D:2      | Found a runed translucent door.
  1650 | D:2      | Noticed Crazy Yiuf
  1953 | D:2      | HP: 1/32 [Crazy Yiuf/+2 quarterstaff of chaos (7)]
  1954 | D:2      | Mangled by Crazy Yiuf

Illustrated notes

Levels and vault maps discovered:
D:1:      lightli_arrival_farm, layout_basic, minmay_tromino_v4_c
D:2:      layout_loops_ring, serial_shops, nicolae_shop_crystal,
          shapermc_ecumenical_altar_acropolis, basic_altar, minmay_cupped,
          uniq_crazy_yiuf_cottage

Skill      XL: |  1  2  3 |
---------------+----------+-----
Spellcasting   | 1 2 |  2.8
Conjurations   | 1 2 |  2.8
Hexes          | 1 2 |  2.8
Summonings     | 1 2 |  2.8
Necromancy     | 1 2 |  2.8
Translocations | 1 2 |  2.8
Transmutations | 1 2 |  2.8
Fire Magic     | 1 2 |  2.8
Ice Magic      | 1 2 |  2.8
Air Magic      | 1 2 |  2.8
Earth Magic    | 1 2 |  2.8
Poison Magic   | 1 2 |  2.8
Fighting       | |  1.1
Dodging        | |  2.1
Unarmed Combat | |  3.0
Invocations    | |  0.2
Shapeshifting  | |  2.6

Action                     |  1- 3 |  4- 6 || total
---------------------------+-------+-------++-------
  Melee: Unarmed           |     3 |       ||     3
   Fire: Sling             |    70 |    69 ||   139
    Use: Scroll            |     4 |       ||     4
         Potion            |     1 |     1 ||     2
   Stab: Sleeping          |     1 |       ||     1
 Armour: Animal skin       |    24 |    19 ||    43
         Skin              |     5 |     6 ||    11
  Dodge: Dodged            |    36 |    22 ||    58
  Block: Other             |       |     1 ||     1

Table legend: (Time is in decaauts)
 A = Elapsed time spent in this place.
 B = Non-inter-level travel time spent in this place.
 C = Inter-level travel time spent in this place.
 D = Time resting spent in this place.
 E = Time spent auto-exploring this place.
 F = Levels seen in this place.
 G = Mean time per level.
                   A        B        C        D        E       F      G
               +--------+--------+--------+--------+--------+-----+--------+
         Total |   2002 |   1966 |     36 |     20 |   1611 |   2 | 1001.0 |
       Dungeon |   2002 |   1966 |     36 |     20 |   1611 |   2 | 1001.0 |
               +--------+--------+--------+--------+--------+-----+--------+

Top non-repeatable levels by time:
     D:2: 1087 daAuts
     D:1: 914 daAuts
